Workbook

Sheet ORCAMENTO
C1: PLANILHA ORÇAMENTÁRIA
I2: SERPO
H3: Secretaria de Serviços Públicos e Obras
A5: OBRA: | B5: Ampliação e reforma da sede da Secretaria de Serviços Públicos e Obras | I5: REV. 09 | J5: 46044
A6: LOCAL: | B6: Avenida Rudolf Dafferner, 65 - Alto da Boa Vista - Sorocaba - SP | I6: BDI Obra | J6: 0.2354
A7: ÁREA: | B7: 634,75 m² | I7: Fator K | J7: 2.27
A9: ITEM | B9: CÓDIGO | C9: REFERÊNCIA | D9: DISCRIMINAÇÃO DO SERVIÇO | E9: UNIDADE | F9: QUANTIDADE | G9: PREÇO UNITÁRIO (S/ BDI) | H9: PREÇO UNITÁRIO (C/ BDI) | I9: PREÇO TOTAL (SEM BDI) | J9: PREÇO TOTAL (COM BDI) | K9: $ sem BDI | L9: $ com BDI
A10: 1 | D10: SERVIÇOS PRELIMINARES | K10: =I20 -> 42602.95 | L10: =J20 -> 52627.65
A11: 1.1 | D11: IDENTIFICAÇÃO E LOCAÇÃO
A12: 1.1.1 | B12: 02.08.040 | C12: CDHU | D12: Placa em lona com impressão digital e requadro em metalon | E12: M2 | F12: 6 | G12: 431.48 | H12: =TRUNC(G12*(1+$J$6),2) -> 533.05 | I12: =TRUNC(G12*F12,2) -> 2588.88 | J12: =TRUNC(H12*F12,2) -> 3198.3
A13: 1.1.2 | B13: 02.10.020 | C13: CDHU | D13: Locação de obra de edificação | E13: M2 | F13: 355.45 | G13: 18.03 | H13: =TRUNC(G13*(1+$J$6),2) -> 22.27 | I13: =TRUNC(G13*F13,2) -> 6408.76 | J13: =TRUNC(H13*F13,2) -> 7915.87
A14: 1.1.3 | B14: 02.10.060 | C14: CDHU | D14: Locação de vias, calçadas, tanques e lagoas | E14: M2 | F14: 224.25 | G14: 1.89 | H14: =TRUNC(G14*(1+$J$6),2) -> 2.33 | I14: =TRUNC(G14*F14,2) -> 423.83 | J14: =TRUNC(H14*F14,2) -> 522.5
A15: 1.2 | D15: CANTEIRO DE OBRAS
A16: 1.2.1 | B16: 02.01.180 | C16: CDHU | D16: Banheiro químico modelo Standard, com manutenção conforme exigências da CETESB | E16: UNMES | F16: 10 | G16: 1251.8 | H16: =TRUNC(G16*(1+$J$6),2) -> 1546.47 | I16: =TRUNC(G16*F16,2) -> 12518 | J16: =TRUNC(H16*F16,2) -> 15464.7
A17: 1.2.2 | B17: 02.02.150 | C17: CDHU | D17: Locação de container tipo depósito - área mínima de 13,80 m² | E17: UNMES | F17: 10 | G17: 975.03 | H17: =TRUNC(G17*(1+$J$6),2) -> 1204.55 | I17: =TRUNC(G17*F17,2) -> 9750.3 | J17: =TRUNC(H17*F17,2) -> 12045.5
A18: 1.2.3 | B18: 01-005-040 | C18: SIURB - EDIF | D18: TELA PARA PROTEÇÃO DE OBRAS, MALHA 2 MM | E18: M2 | F18: 117.4 | G18: 31.47 | H18: =TRUNC(G18*(1+$J$6),2) -> 38.87 | I18: =TRUNC(G18*F18,2) -> 3694.57 | J18: =TRUNC(H18*F18,2) -> 4563.33
A19: 1.2.4 | B19: 98458 | C19: SINAPI | D19: TAPUME COM COMPENSADO DE MADEIRA. AF_03/2024 | E19: M2 | F19: 72.6 | G19: 99.43 | H19: =TRUNC(G19*(1+$J$6),2) -> 122.83 | I19: =TRUNC(G19*F19,2) -> 7218.61 | J19: =TRUNC(H19*F19,2) -> 8917.45
H20: SUBTOTAL | I20: =SUM(I12:I19) -> 42602.95 | J20: =SUM(J12:J19) -> 52627.65
A21: 2 | D21: DEMOLIÇÕES E RETIRADAS | K21: =I53 -> 51854.07 | L21: =J53 -> 64051.45
A22: 2.1 | D22: DEMOLIÇÕES
A23: 2.1.1 | B23: 03.01.240 | C23: CDHU | D23: Demolição mecanizada de pavimento ou piso em concreto, inclusive fragmentação, carregamento, transporte até 1 quilômetro e descarregamento | E23: M2 | F23: 185 | G23: 33.44 | H23: =TRUNC(G23*(1+$J$6),2) -> 41.31 | I23: =TRUNC(G23*F23,2) -> 6186.4 | J23: =TRUNC(H23*F23,2) -> 7642.35
A24: 2.1.2 | B24: 03.02.040 | C24: CDHU | D24: Demolição manual de alvenaria de elevação ou elemento vazado, incluindo revestimento | E24: M3 | F24: 15.94 | G24: 90.84 | H24: =TRUNC(G24*(1+$J$6),2) -> 112.22 | I24: =TRUNC(G24*F24,2) -> 1447.98 | J24: =TRUNC(H24*F24,2) -> 1788.78
A25: 2.1.3 | B25: 03.07.030 | C25: CDHU | D25: Demolição (levantamento) mecanizada de pavimento asfáltico, inclusive fragmentação e acomodação do material | E25: M2 | F25: 57.62 | G25: 27.14 | H25: =TRUNC(G25*(1+$J$6),2) -> 33.52 | I25: =TRUNC(G25*F25,2) -> 1563.8 | J25: =TRUNC(H25*F25,2) -> 1931.42
A26: 2.1.4 | B26: 03.04.020 | C26: CDHU | D26: Demolição manual de revestimento cerâmico, incluindo a base | E26: M2 | F26: 52.76 | G26: 13.63 | H26: =TRUNC(G26*(1+$J$6),2) -> 16.83 | I26: =TRUNC(G26*F26,2) -> 719.11 | J26: =TRUNC(H26*F26,2) -> 887.95
A27: 2.1.5 | B27: 03.08.200 | C27: CDHU | D27: Demolição manual de painéis divisórias, inclusive montantes metálicos | E27: M2 | F27: 47.55 | G27: 7.49 | H27: =TRUNC(G27*(1+$J$6),2) -> 9.25 | I27: =TRUNC(G27*F27,2) -> 356.14 | J27: =TRUNC(H27*F27,2) -> 439.83
A28: 2.1.6 | B28: 03.01.210 | C28: CDHU | D28: Demolição mecanizada de concreto armado, inclusive fragmentação e acomodação do material | E28: M3 | F28: 3.51 | G28: 588.16 | H28: =TRUNC(G28*(1+$J$6),2) -> 726.61 | I28: =TRUNC(G28*F28,2) -> 2064.44 | J28: =TRUNC(H28*F28,2) -> 2550.4
A29: 2.1.7 | B29: 04.09.140 | C29: CDHU | D29: Retirada de poste ou sistema de sustentação para alambrado ou fechamento | E29: UN | F29: 10 | G29: 29.52 | H29: =TRUNC(G29*(1+$J$6),2) -> 36.46 | I29: =TRUNC(G29*F29,2) -> 295.2 | J29: =TRUNC(H29*F29,2) -> 364.6
A30: 2.1.8 | B30: 04.09.160 | C30: CDHU | D30: Retirada de entelamento metálico em geral | E30: M2 | F30: 57.5 | G30: 4.79 | H30: =TRUNC(G30*(1+$J$6),2) -> 5.91 | I30: =TRUNC(G30*F30,2) -> 275.42 | J30: =TRUNC(H30*F30,2) -> 339.82
A31: 2.2 | D31: RETIRADA DE COBERTURA
A32: 2.2.1 | B32: 04.03.020 | C32: CDHU | D32: Retirada de telhamento em barro | E32: M2 | F32: 328.63 | G32: 18.17 | H32: =TRUNC(G32*(1+$J$6),2) -> 22.44 | I32: =TRUNC(G32*F32,2) -> 5971.2 | J32: =TRUNC(H32*F32,2) -> 7374.45
A33: 2.2.2 | B33: 04.02.050 | C33: CDHU | D33: Retirada de estrutura em madeira tesoura - telhas de barro | E33: M2 | F33: 328.63 | G33: 27.69 | H33: =TRUNC(G33*(1+$J$6),2) -> 34.2 | I33: =TRUNC(G33*F33,2) -> 9099.76 | J33: =TRUNC(H33*F33,2) -> 11239.14
A34: 2.2.3 | B34: 04.30.020 | C34: CDHU | D34: Remoção de calha ou rufo | E34: M | F34: 18.32 | G34: 5.22 | H34: =TRUNC(G34*(1+$J$6),2) -> 6.44 | I34: =TRUNC(G34*F34,2) -> 95.63 | J34: =TRUNC(H34*F34,2) -> 117.98
A35: 2.3 | D35: REMOÇÕES DE ESQUADRIAS
A36: 2.3.1 | B36: 04.08.020 | C36: CDHU | D36: Retirada de folha de esquadria em madeira | E36: UN | F36: 3 | G36: 25.18 | H36: =TRUNC(G36*(1+$J$6),2) -> 31.1 | I36: =TRUNC(G36*F36,2) -> 75.54 | J36: =TRUNC(H36*F36,2) -> 93.3
A37: 2.3.2 | B37: 04.08.040 | C37: CDHU | D37: Retirada de guarnição, moldura e peças lineares em madeira, fixadas | E37: M | F37: 15.2 | G37: 1.93 | H37: =TRUNC(G37*(1+$J$6),2) -> 2.38 | I37: =TRUNC(G37*F37,2) -> 29.33 | J37: =TRUNC(H37*F37,2) -> 36.17
A38: 2.3.3 | B38: 04.09.020 | C38: CDHU | D38: Retirada de esquadria metálica em geral | E38: M2 | F38: 37.89 | G38: 35.25 | H38: =TRUNC(G38*(1+$J$6),2) -> 43.54 | I38: =TRUNC(G38*F38,2) -> 1335.62 | J38: =TRUNC(H38*F38,2) -> 1649.73
A39: 2.3.4 | B39: 102191 | C39: SINAPI | D39: REMOÇÃO DE VIDRO LISO COMUM DE ESQUADRIA COM BAGUETE DE ALUMÍNIO OU PVC. AF_01/2021 | E39: M2 | F39: 37.89 | G39: 29.51 | H39: =TRUNC(G39*(1+$J$6),2) -> 36.45 | I39: =TRUNC(G39*F39,2) -> 1118.13 | J39: =TRUNC(H39*F39,2) -> 1381.09
A40: 2.4 | D40: REMOÇÕES DE INSTALAÇÕES HIDRÁULICAS
A41: 2.4.1 | B41: 04.30.060 | C41: CDHU | D41: Remoção de tubulação hidráulica em geral, incluindo conexões, caixas e ralos | E41: M | F41: 10 | G41: 9.08 | H41: =TRUNC(G41*(1+$J$6),2) -> 11.21 | I41: =TRUNC(G41*F41,2) -> 90.8 | J41: =TRUNC(H41*F41,2) -> 112.1
A42: 2.4.2 | B42: 04.11.160 | C42: CDHU | D42: Retirada de caixa de descarga de sobrepor ou acoplada | E42: UN | F42: 1 | G42: 25.17 | H42: =TRUNC(G42*(1+$J$6),2) -> 31.09 | I42: =TRUNC(G42*F42,2) -> 25.17 | J42: =TRUNC(H42*F42,2) -> 31.09
A43: 2.4.3 | B43: 04.11.020 | C43: CDHU | D43: Retirada de aparelho sanitário incluindo acessórios | E43: UN | F43: 3 | G43: 49.68 | H43: =TRUNC(G43*(1+$J$6),2) -> 61.37 | I43: =TRUNC(G43*F43,2) -> 149.04 | J43: =TRUNC(H43*F43,2) -> 184.11
A44: 2.4.4 | B44: 04.11.030 | C44: CDHU | D44: Retirada de bancada incluindo pertences | E44: M2 | F44: 0.75 | G44: 70.49 | H44: =TRUNC(G44*(1+$J$6),2) -> 87.08 | I44: =TRUNC(G44*F44,2) -> 52.86 | J44: =TRUNC(H44*F44,2) -> 65.31
A45: 2.5 | D45: REMOÇÕES DE INSTALAÇÕES ELÉTRICAS
A46: 2.5.1 | B46: 04.21.130 | C46: CDHU | D46: Remoção de poste de concreto | E46: UN | F46: 1 | G46: 291.56 | H46: =TRUNC(G46*(1+$J$6),2) -> 360.19 | I46: =TRUNC(G46*F46,2) -> 291.56 | J46: =TRUNC(H46*F46,2) -> 360.19
A47: 2.5.2 | B47: 04.18.090 | C47: CDHU | D47: Remoção de caixa de medição padrão completa | E47: UN | F47: 1 | G47: 61.98 | H47: =TRUNC(G47*(1+$J$6),2) -> 76.57 | I47: =TRUNC(G47*F47,2) -> 61.98 | J47: =TRUNC(H47*F47,2) -> 76.57
A48: 2.5.3 | B48: 101009 | C48: SINAPI | D48: CARGA, MANOBRA E DESCARGA DE POSTE DE CONCRETO EM CAMINHÃO CARROCERIA COM GUINDAUTO (MUNCK) 11,7 TM. AF_07/2020 | E48: T | F48: 2.6 | G48: 45.49 | H48: =TRUNC(G48*(1+$J$6),2) -> 56.19 | I48: =TRUNC(G48*F48,2) -> 118.27 | J48: =TRUNC(H48*F48,2) -> 146.09
A49: 2.5.4 | B49: 100952 | C49: SINAPI | D49: TRANSPORTE COM CAMINHÃO CARROCERIA COM GUINDAUTO (MUNCK), MOMENTO MÁXIMO DE CARGA 11,7 TM, EM VIA URBANA PAVIMENTADA, DMT ATÉ 30KM (UNIDADE: TXKM). AF_07/2020 | E49: TXKM | F49: 78 | G49: 3 | H49: =TRUNC(G49*(1+$J$6),2) -> 3.7 | I49: =TRUNC(G49*F49,2) -> 234 | J49: =TRUNC(H49*F49,2) -> 288.6
A50: 2.6 | D50: TRANSPORTE DE ENTULHO
A51: 2.6.1 | B51: 05.07.060 | C51: CDHU | D51: Remoção de entulho de obra com caçamba metálica - material rejeitado e misturado por vegetação, isopor, manta asfáltica e lã de vidro | E51: M3 | F51: 106 | G51: 135.48 | H51: =TRUNC(G51*(1+$J$6),2) -> 167.37 | I51: =TRUNC(G51*F51,2) -> 14360.88 | J51: =TRUNC(H51*F51,2) -> 17741.22
A52: 2.6.2 | B52: 05.09.006 | C52: CDHU | D52: Taxa de destinação de resíduo sólido em aterro, tipo inerte | E52: T | F52: 122.73 | G52: 47.55 | H52: =TRUNC(G52*(1+$J$6),2) -> 58.74 | I52: =TRUNC(G52*F52,2) -> 5835.81 | J52: =TRUNC(H52*F52,2) -> 7209.16
H53: SUBTOTAL | I53: =SUM(I23:I52) -> 51854.07 | J53: =SUM(J23:J52) -> 64051.45
A54: 3 | D54: LIMPEZA E TERRAPLANAGEM | K54: =I65 -> 17417.74 | L54: =J65 -> 21497.88
A55: 3.1 | D55: LIMPEZA DO TERRENO
A56: 3.1.1 | B56: 02.09.040 | C56: CDHU | D56: Limpeza mecanizada do terreno, inclusive troncos até 15 cm de diâmetro, com caminhão à disposição dentro e fora da obra, com transporte no raio de até 1 km | E56: M2 | F56: 309.59 | G56: 5.69 | H56: =TRUNC(G56*(1+$J$6),2) -> 7.02 | I56: =TRUNC(G56*F56,2) -> 1761.56 | J56: =TRUNC(H56*F56,2) -> 2173.32
A57: 3.1.2 | B57: 05.09.007 | C57: CDHU | D57: Taxa de destinação de resíduo sólido em aterro, tipo solo/terra | E57: M3 | F57: 58.05 | G57: 30.72 | H57: =TRUNC(G57*(1+$J$6),2) -> 37.95 | I57: =TRUNC(G57*F57,2) -> 1783.29 | J57: =TRUNC(H57*F57,2) -> 2202.99
A58: 3.1.3 | B58: 05.10.023 | C58: CDHU | D58: Transporte de solo de 1ª e 2ª categoria por caminhão para distâncias superiores ao 5° km até o 10° km | E58: M3 | F58: 58.05 | G58: 20.48 | H58: =TRUNC(G58*(1+$J$6),2) -> 25.3 | I58: =TRUNC(G58*F58,2) -> 1188.86 | J58: =TRUNC(H58*F58,2) -> 1468.66
A59: 3.2 | D59: TERRAPLANAGEM
A60: 3.2.1 | B60: 07.01.060 | C60: CDHU | D60: Escavação e carga mecanizada em solo de 2ª categoria, em campo aberto | E60: M3 | F60: 33.39 | G60: 36.51 | H60: =TRUNC(G60*(1+$J$6),2) -> 45.1 | I60: =TRUNC(G60*F60,2) -> 1219.06 | J60: =TRUNC(H60*F60,2) -> 1505.88
A61: 3.2.2 | B61: 07.01.010 | C61: CDHU | D61: Escavação e carga mecanizada para exploração de solo em jazida | E61: M3 | F61: 134.6 | G61: 16.79 | H61: =TRUNC(G61*(1+$J$6),2) -> 20.74 | I61: =TRUNC(G61*F61,2) -> 2259.93 | J61: =TRUNC(H61*F61,2) -> 2791.6
A62: 3.2.3 | B62: 100977 | C62: SINAPI | D62: CARGA, MANOBRA E DESCARGA DE SOLOS E MATERIAIS GRANULARES EM CAMINHÃO BASCULANTE 6 M³ - CARGA COM ESCAVADEIRA HIDRÁULICA (CAÇAMBA DE 1,20 M³ / 155 HP) E DESCARGA LIVRE (UNIDADE: M3). AF_07/2020 | E62: M3 | F62: 174.98 | G62: 8.46 | H62: =TRUNC(G62*(1+$J$6),2) -> 10.45 | I62: =TRUNC(G62*F62,2) -> 1480.33 | J62: =TRUNC(H62*F62,2) -> 1828.54
A63: 3.2.4 | B63: 97914 | C63: SINAPI | D63: TRANSPORTE COM CAMINHÃO BASCULANTE DE 6 M³, EM VIA URBANA PAVIMENTADA, DMT ATÉ 30 KM (UNIDADE: M3XKM). AF_07/2020 | E63: M3XKM | F63: 1749.8 | G63: 3.18 | H63: =TRUNC(G63*(1+$J$6),2) -> 3.92 | I63: =TRUNC(G63*F63,2) -> 5564.36 | J63: =TRUNC(H63*F63,2) -> 6859.21
A64: 3.2.5 | B64: 07.12.030 | C64: CDHU | D64: Compactação de aterro mecanizado a 100% PN, sem fornecimento de solo em campo aberto | E64: M3 | F64: 167.99 | G64: 12.86 | H64: =TRUNC(G64*(1+$J$6),2) -> 15.88 | I64: =TRUNC(G64*F64,2) -> 2160.35 | J64: =TRUNC(H64*F64,2) -> 2667.68
H65: SUBTOTAL | I65: =SUM(I56:I64) -> 17417.74 | J65: =SUM(J56:J64) -> 21497.88
A66: 4 | D66: INFRAESTRUTURA | K66: =I88 -> 112490.88 | L66: =J88 -> 138959.21
A67: 4.1 | D67: ESTACA HÉLICE CONTÍNUA
A68: 4.1.1 | B68: 12.12.016 | C68: CDHU | D68: Estaca tipo hélice contínua, diâmetro de 30 cm em solo | E68: M | F68: 335 | G68: 60.09 | H68: =TRUNC(G68*(1+$J$6),2) -> 74.23 | I68: =TRUNC(G68*F68,2) -> 20130.15 | J68: =TRUNC(H68*F68,2) -> 24867.05
A69: 4.1.2 | B69: 11.01.520 | C69: CDHU | D69: Concreto usinado, fck = 30 MPa - para bombeamento em estaca hélice contínua | E69: M3 | F69: 23.68 | G69: 632.67 | H69: =TRUNC(G69*(1+$J$6),2) -> 781.6 | I69: =TRUNC(G69*F69,2) -> 14981.62 | J69: =TRUNC(H69*F69,2) -> 18508.28
A70: 4.1.3 | B70: 95583 | C70: SINAPI | D70: MONTAGEM DE ARMADURA TRANSVERSAL DE ESTACAS DE SEÇÃO CIRCULAR, DIÂMETRO = 5,0 MM. AF_09/2021_PS | E70: KG | F70: 141.02 | G70: 16.28 | H70: =TRUNC(G70*(1+$J$6),2) -> 20.11 | I70: =TRUNC(G70*F70,2) -> 2295.8 | J70: =TRUNC(H70*F70,2) -> 2835.91
A71: 4.1.4 | B71: 95577 | C71: SINAPI | D71: MONTAGEM DE ARMADURA DE ESTACAS, DIÂMETRO = 10,0 MM. AF_09/2021_PS | E71: KG | F71: 620.09 | G71: 9.08 | H71: =TRUNC(G71*(1+$J$6),2) -> 11.21 | I71: =TRUNC(G71*F71,2) -> 5630.41 | J71: =TRUNC(H71*F71,2) -> 6951.2
A72: 4.2 | D72: BLOCOS
A73: 4.2.1 | B73: 06.02.020 | C73: CDHU | D73: Escavação manual em solo de 1ª e 2ª categoria em vala ou cava até 1,5 m | E73: M3 | F73: 16.89 | G73: 68.13 | H73: =TRUNC(G73*(1+$J$6),2) -> 84.16 | I73: =TRUNC(G73*F73,2) -> 1150.71 | J73: =TRUNC(H73*F73,2) -> 1421.46
A74: 4.2.2 | B74: 11.18.040 | C74: CDHU | D74: Lastro de pedra britada | E74: M3 | F74: 1.21 | G74: 221.55 | H74: =TRUNC(G74*(1+$J$6),2) -> 273.7 | I74: =TRUNC(G74*F74,2) -> 268.07 | J74: =TRUNC(H74*F74,2) -> 331.17
A75: 4.2.3 | B75: 96534 | C75: SINAPI | D75: FABRICAÇÃO, MONTAGEM E DESMONTAGEM DE FÔRMA PARA BLOCO DE COROAMENTO, EM MADEIRA SERRADA, E=25 MM, 4 UTILIZAÇÕES. AF_01/2024 | E75: M2 | F75: 96.48 | G75: 92.74 | H75: =TRUNC(G75*(1+$J$6),2) -> 114.57 | I75: =TRUNC(G75*F75,2) -> 8947.55 | J75: =TRUNC(H75*F75,2) -> 11053.71
A76: 4.2.4 | B76: 10.01.040 | C76: CDHU | D76: Armadura em barra de aço CA-50 (A ou B) fyk = 500 MPa | E76: KG | F76: 1004.54 | G76: 10.16 | H76: =TRUNC(G76*(1+$J$6),2) -> 12.55 | I76: =TRUNC(G76*F76,2) -> 10206.12 | J76: =TRUNC(H76*F76,2) -> 12606.97
A77: 4.2.5 | B77: 11.01.160 | C77: CDHU | D77: Concreto usinado, fck = 30 MPa | E77: M3 | F77: 14.74 | G77: 537.51 | H77: =TRUNC(G77*(1+$J$6),2) -> 664.03 | I77: =TRUNC(G77*F77,2) -> 7922.89 | J77: =TRUNC(H77*F77,2) -> 9787.8
A78: 4.2.6 | B78: 11.16.040 | C78: CDHU | D78: Lançamento e adensamento de concreto ou massa em fundação | E78: M3 | F78: 14.74 | G78: 191.54 | H78: =TRUNC(G78*(1+$J$6),2) -> 236.62 | I78: =TRUNC(G78*F78,2) -> 2823.29 | J78: =TRUNC(H78*F78,2) -> 3487.77
A79: 4.3 | D79: VIGAS BALDRAME
A80: 4.3.1 | B80: 06.02.020 | C80: CDHU | D80: Escavação manual em solo de 1ª e 2ª categoria em vala ou cava até 1,5 m | E80: M3 | F80: 16.18 | G80: 68.13 | H80: =TRUNC(G80*(1+$J$6),2) -> 84.16 | I80: =TRUNC(G80*F80,2) -> 1102.34 | J80: =TRUNC(H80*F80,2) -> 1361.7
A81: 4.3.2 | B81: 11.18.040 | C81: CDHU | D81: Lastro de pedra britada | E81: M3 | F81: 2.03 | G81: 221.55 | H81: =TRUNC(G81*(1+$J$6),2) -> 273.7 | I81: =TRUNC(G81*F81,2) -> 449.74 | J81: =TRUNC(H81*F81,2) -> 555.61
A82: 4.3.3 | B82: 96536 | C82: SINAPI | D82: FABRICAÇÃO, MONTAGEM E DESMONTAGEM DE FÔRMA PARA VIGA BALDRAME, EM MADEIRA SERRADA, E=25 MM, 4 UTILIZAÇÕES. AF_01/2024 | E82: M2 | F82: 80.89 | G82: 79.47 | H82: =TRUNC(G82*(1+$J$6),2) -> 98.17 | I82: =TRUNC(G82*F82,2) -> 6428.32 | J82: =TRUNC(H82*F82,2) -> 7940.97
A83: 4.3.4 | B83: 10.01.040 | C83: CDHU | D83: Armadura em barra de aço CA-50 (A ou B) fyk = 500 MPa | E83: KG | F83: 499.08 | G83: 10.16 | H83: =TRUNC(G83*(1+$J$6),2) -> 12.55 | I83: =TRUNC(G83*F83,2) -> 5070.65 | J83: =TRUNC(H83*F83,2) -> 6263.45
A84: 4.3.5 | B84: 10.01.060 | C84: CDHU | D84: Armadura em barra de aço CA-60 (A ou B) fyk = 600 MPa | E84: KG | F84: 157.89 | G84: 10.51 | H84: =TRUNC(G84*(1+$J$6),2) -> 12.98 | I84: =TRUNC(G84*F84,2) -> 1659.42 | J84: =TRUNC(H84*F84,2) -> 2049.41
A85: 4.3.6 | B85: 11.01.160 | C85: CDHU | D85: Concreto usinado, fck = 30 MPa | E85: M3 | F85: 12.14 | G85: 537.51 | H85: =TRUNC(G85*(1+$J$6),2) -> 664.03 | I85: =TRUNC(G85*F85,2) -> 6525.37 | J85: =TRUNC(H85*F85,2) -> 8061.32
A86: 4.3.7 | B86: 11.16.040 | C86: CDHU | D86: Lançamento e adensamento de concreto ou massa em fundação | E86: M3 | F86: 12.14 | G86: 191.54 | H86: =TRUNC(G86*(1+$J$6),2) -> 236.62 | I86: =TRUNC(G86*F86,2) -> 2325.29 | J86: =TRUNC(H86*F86,2) -> 2872.56
A87: 4.3.8 | B87: 98557 | C87: SINAPI | D87: IMPERMEABILIZAÇÃO DE SUPERFÍCIE COM EMULSÃO ASFÁLTICA, 2 DEMÃOS. AF_09/2023 | E87: M2 | F87: 323.56 | G87: 45.04 | H87: =TRUNC(G87*(1+$J$6),2) -> 55.64 | I87: =TRUNC(G87*F87,2) -> 14573.14 | J87: =TRUNC(H87*F87,2) -> 18002.87
H88: SUBTOTAL | I88: =SUM(I68:I87) -> 112490.88 | J88: =SUM(J68:J87) -> 138959.21
A89: 5 | D89: SUPERESTRUTURA | K89: =I102 -> 62082.06 | L89: =J102 -> 76690.19
A90: 5.1 | D90: PILARES
A91: 5.1.1 | B91: 92443 | C91: SINAPI | D91: MONTAGEM E DESMONTAGEM DE FÔRMA DE PILARES RETANGULARES E ESTRUTURAS SIMILARES, PÉ-DIREITO SIMPLES, EM CHAPA DE MADEIRA COMPENSADA PLASTIFICADA, 18 UTILIZAÇÕES. AF_09/2020 | E91: M2 | F91: 170.4 | G91: 59.57 | H91: =TRUNC(G91*(1+$J$6),2) -> 73.59 | I91: =TRUNC(G91*F91,2) -> 10150.72 | J91: =TRUNC(H91*F91,2) -> 12539.73
A92: 5.1.2 | B92: 10.01.040 | C92: CDHU | D92: Armadura em barra de aço CA-50 (A ou B) fyk = 500 MPa | E92: KG | F92: 1230.72 | G92: 10.16 | H92: =TRUNC(G92*(1+$J$6),2) -> 12.55 | I92: =TRUNC(G92*F92,2) -> 12504.11 | J92: =TRUNC(H92*F92,2) -> 15445.53
A93: 5.1.3 | B93: 10.01.060 | C93: CDHU | D93: Armadura em barra de aço CA-60 (A ou B) fyk = 600 MPa | E93: KG | F93: 141.05 | G93: 10.51 | H93: =TRUNC(G93*(1+$J$6),2) -> 12.98 | I93: =TRUNC(G93*F93,2) -> 1482.43 | J93: =TRUNC(H93*F93,2) -> 1830.82
A94: 5.1.4 | B94: 11.01.160 | C94: CDHU | D94: Concreto usinado, fck = 30 MPa | E94: M3 | F94: 12.78 | G94: 537.51 | H94: =TRUNC(G94*(1+$J$6),2) -> 664.03 | I94: =TRUNC(G94*F94,2) -> 6869.37 | J94: =TRUNC(H94*F94,2) -> 8486.3
A95: 5.1.5 | B95: 11.16.060 | C95: CDHU | D95: Lançamento e adensamento de concreto ou massa em estrutura | E95: M3 | F95: 12.78 | G95: 132.3 | H95: =TRUNC(G95*(1+$J$6),2) -> 163.44 | I95: =TRUNC(G95*F95,2) -> 1690.79 | J95: =TRUNC(H95*F95,2) -> 2088.76
A96: 5.2 | D96: VIGAS
A97: 5.2.1 | B97: 92479 | C97: SINAPI | D97: MONTAGEM E DESMONTAGEM DE FÔRMA DE VIGA, ESCORAMENTO COM GARFO DE MADEIRA, PÉ-DIREITO SIMPLES, EM CHAPA DE MADEIRA PLASTIFICADA, 18 UTILIZAÇÕES. AF_09/2020 | E97: M2 | F97: 149.33 | G97: 73.51 | H97: =TRUNC(G97*(1+$J$6),2) -> 90.81 | I97: =TRUNC(G97*F97,2) -> 10977.24 | J97: =TRUNC(H97*F97,2) -> 13560.65
A98: 5.2.2 | B98: 10.01.040 | C98: CDHU | D98: Armadura em barra de aço CA-50 (A ou B) fyk = 500 MPa | E98: KG | F98: 821.71 | G98: 10.16 | H98: =TRUNC(G98*(1+$J$6),2) -> 12.55 | I98: =TRUNC(G98*F98,2) -> 8348.57 | J98: =TRUNC(H98*F98,2) -> 10312.46
A99: 5.2.3 | B99: 10.01.060 | C99: CDHU | D99: Armadura em barra de aço CA-60 (A ou B) fyk = 600 MPa | E99: KG | F99: 141.32 | G99: 10.51 | H99: =TRUNC(G99*(1+$J$6),2) -> 12.98 | I99: =TRUNC(G99*F99,2) -> 1485.27 | J99: =TRUNC(H99*F99,2) -> 1834.33
A100: 5.2.4 | B100: 11.01.160 | C100: CDHU | D100: Concreto usinado, fck = 30 MPa | E100: M3 | F100: 12.8 | G100: 537.51 | H100: =TRUNC(G100*(1+$J$6),2) -> 664.03 | I100: =TRUNC(G100*F100,2) -> 6880.12 | J100: =TRUNC(H100*F100,2) -> 8499.58
A101: 5.2.5 | B101: 11.16.060 | C101: CDHU | D101: Lançamento e adensamento de concreto ou massa em estrutura | E101: M3 | F101: 12.8 | G101: 132.3 | H101: =TRUNC(G101*(1+$J$6),2) -> 163.44 | I101: =TRUNC(G101*F101,2) -> 1693.44 | J101: =TRUNC(H101*F101,2) -> 2092.03
H102: SUBTOTAL | I102: =SUM(I91:I101) -> 62082.06 | J102: =SUM(J91:J101) -> 76690.19
...

Sheet CRONOGRAMA
I2: SERPO
I3: Serviços Públicos e Obras
A4: CRONOGRAMA FÍSICO-FINANCEIRO | P4: =ORCAMENTO!I5 -> REV. 09 | Q4: =ORCAMENTO!J5 -> 46044
A5: OBRA: | B5: =ORCAMENTO!B5 -> Ampliação e reforma da sede da Secretaria de Serviços Públicos e Obras | P5: BDI Obra | Q5: =ORCAMENTO!J6 -> 0.2354
A6: LOCAL: | B6: =ORCAMENTO!B6 -> Avenida Rudolf Dafferner, 65 - Alto da Boa Vista - Sorocaba - SP | P6: Fator K | Q6: =ORCAMENTO!J7 -> 2.27
A7: ÁREA: | B7: =ORCAMENTO!B7 -> 634,75 m²
A8: ITEM | B8: ETAPA | C8: PREÇO TOTAL (SEM BDI) | D8: PREÇO TOTAL (COM BDI) | E8: % SOBRE O TOTAL | F8: 1º MÊS | G8: 2º MÊS | H8: 3º MÊS | I8: 4º MÊS | J8: 5º MÊS | K8: 6º MÊS | L8: 7º MÊS | M8: 8º MÊS | N8: 9º MÊS | O8: 10º MÊS | P8: 11º MÊS | Q8: 12º MÊS | R8: 7º MÊS | S8: 8º MÊS | T8: 9º MÊS | U8: 10º MÊS | V8: 11º MÊS | W8: 12º MÊS | Z8: CONFERECIA
A9: 1 | B9: =VLOOKUP($A9,ORCAMENTO!$A$10:$L$360,4,0) -> SERVIÇOS PRELIMINARES | C9: =VLOOKUP($A9,ORCAMENTO!$A$10:$L$360,11,0) -> 42602.95 | D9: =VLOOKUP($A9,ORCAMENTO!$A$10:$L$360,12,0) -> 52627.65 | E9: =D9/$D$49 -> 0.021261908 | H9: =SUM(ORCAMENTO!J12:J14)+SUM(ORCAMENTO!J18:J19)+SUM(ORCAMENTO!H16:H17) -> 27868.47 | I9: =SUM(ORCAMENTO!H16:H17) -> 2751.02 | J9: =SUM(ORCAMENTO!H16:H17) -> 2751.02 | K9: =SUM(ORCAMENTO!H16:H17) -> 2751.02 | L9: =SUM(ORCAMENTO!H16:H17) -> 2751.02 | M9: =SUM(ORCAMENTO!H16:H17) -> 2751.02 | N9: =SUM(ORCAMENTO!H16:H17) -> 2751.02 | O9: =SUM(ORCAMENTO!H16:H17) -> 2751.02 | P9: =SUM(ORCAMENTO!H16:H17) -> 2751.02 | Q9: =SUM(ORCAMENTO!H16:H17) -> 2751.02
H10: =H9/$D9 -> 0.52954046 | I10: =I9/$D9 -> 0.052273282 | J10: =J9/$D9 -> 0.052273282 | K10: =K9/$D9 -> 0.052273282 | L10: =L9/$D9 -> 0.052273282 | M10: =M9/$D9 -> 0.052273282 | N10: =N9/$D9 -> 0.052273282 | O10: =O9/$D9 -> 0.052273282 | ... W10: =W9/$D9 -> 0 | Z10: =SUM(F10:W10) -> 1 | AA10: =Z10=1 -> TRUE
A11: 2 | B11: =VLOOKUP($A11,ORCAMENTO!$A$10:$L$360,4,0) -> DEMOLIÇÕES E RETIRADAS | C11: =VLOOKUP($A11,ORCAMENTO!$A$10:$L$360,11,0) -> 51854.07 | D11: =VLOOKUP($A11,ORCAMENTO!$A$10:$L$360,12,0) -> 64051.45 | E11: =D11/$D$49 -> 0.025877197 | H11: =$D11*H12 -> 64051.45 | I11: =$D11*I12 -> 0 | J11: =$D11*J12 -> 0 | Q11: =$D11*Q12 -> 0 | R11: =$D11*R12 -> 0 | S11: =$D11*S12 -> 0 | T11: =$D11*T12 -> 0 | U11: =$D11*U12 -> 0 | V11: =$D11*V12 -> 0 | W11: =$D11*W12 -> 0
H12: 1 | Z12: =SUM(F12:W12) -> 1 | AA12: =Z12=1 -> TRUE
A13: 3 | B13: =VLOOKUP($A13,ORCAMENTO!$A$10:$L$360,4,0) -> LIMPEZA E TERRAPLANAGEM | C13: =VLOOKUP($A13,ORCAMENTO!$A$10:$L$360,11,0) -> 17417.74 | D13: =VLOOKUP($A13,ORCAMENTO!$A$10:$L$360,12,0) -> 21497.88 | E13: =D13/$D$49 -> 0.0086852815 | H13: =$D13*H14 -> 21497.88 | I13: =$D13*I14 -> 0 | J13: =$D13*J14 -> 0 | Q13: =$D13*Q14 -> 0 | R13: =$D13*R14 -> 0 | S13: =$D13*S14 -> 0 | T13: =$D13*T14 -> 0 | U13: =$D13*U14 -> 0 | V13: =$D13*V14 -> 0 | W13: =$D13*W14 -> 0
H14: 1 | Z14: =SUM(F14:W14) -> 1 | AA14: =Z14=1 -> TRUE
A15: 4 | B15: =VLOOKUP($A15,ORCAMENTO!$A$10:$L$360,4,0) -> INFRAESTRUTURA | C15: =VLOOKUP($A15,ORCAMENTO!$A$10:$L$360,11,0) -> 112490.88 | D15: =VLOOKUP($A15,ORCAMENTO!$A$10:$L$360,12,0) -> 138959.21 | E15: =D15/$D$49 -> 0.056140413 | I15: =$D15*I16 -> 138959.21 | Q15: =$D15*Q16 -> 0 | R15: =$D15*R16 -> 0 | S15: =$D15*S16 -> 0 | T15: =$D15*T16 -> 0 | U15: =$D15*U16 -> 0 | V15: =$D15*V16 -> 0 | W15: =$D15*W16 -> 0
I16: 1 | Z16: =SUM(F16:W16) -> 1 | AA16: =Z16=1 -> TRUE
A17: 5 | B17: =VLOOKUP($A17,ORCAMENTO!$A$10:$L$360,4,0) -> SUPERESTRUTURA | C17: =VLOOKUP($A17,ORCAMENTO!$A$10:$L$360,11,0) -> 62082.06 | D17: =VLOOKUP($A17,ORCAMENTO!$A$10:$L$360,12,0) -> 76690.19 | E17: =D17/$D$49 -> 0.030983329 | F17: =$D17*F18 -> 0 | G17: =$D17*G18 -> 0 | J17: =$D17*J18 -> 76690.19 | Q17: =$D17*Q18 -> 0 | R17: =$D17*R18 -> 0 | S17: =$D17*S18 -> 0 | T17: =$D17*T18 -> 0 | U17: =$D17*U18 -> 0 | V17: =$D17*V18 -> 0 | W17: =$D17*W18 -> 0
J18: 1 | Z18: =SUM(F18:W18) -> 1 | AA18: =Z18=1 -> TRUE
A19: 6 | B19: =VLOOKUP($A19,ORCAMENTO!$A$10:$L$360,4,0) -> VEDAÇÃO, PISO E CONTRAPISO | C19: =VLOOKUP($A19,ORCAMENTO!$A$10:$L$360,11,0) -> 139817.65 | D19: =VLOOKUP($A19,ORCAMENTO!$A$10:$L$360,12,0) -> 172720.29 | E19: =D19/$D$49 -> 0.069780106 | F19: =$D19*F20 -> 0 | K19: =SUM(ORCAMENTO!J105:J107) -> 100310.58 | L19: =SUM(ORCAMENTO!J109:J114) -> 72409.71 | Q19: =$D19*Q20 -> 0 | R19: =$D19*R20 -> 0 | S19: =$D19*S20 -> 0 | T19: =$D19*T20 -> 0 | U19: =$D19*U20 -> 0 | V19: =$D19*V20 -> 0 | W19: =$D19*W20 -> 0
K20: =K19/$D19 -> 0.58076894 | L20: =L19/$D19 -> 0.41923106 | Z20: =SUM(F20:W20) -> 1 | AA20: =Z20=1 -> TRUE
A21: 7 | B21: =VLOOKUP($A21,ORCAMENTO!$A$10:$L$360,4,0) -> COBERTURA | C21: =VLOOKUP($A21,ORCAMENTO!$A$10:$L$360,11,0) -> 503366.26 | D21: =VLOOKUP($A21,ORCAMENTO!$A$10:$L$360,12,0) -> 621839.22 | E21: =D21/$D$49 -> 0.25122704 | F21: =$D21*F22 -> 0 | G21: =$D21*G22 -> 0 | L21: =ORCAMENTO!J118 -> 71682.02 | M21: =ORCAMENTO!J121 -> 329360.07 | N21: =ORCAMENTO!J119+SUM(ORCAMENTO!J122:J125) -> 200484.48 | P21: =ORCAMENTO!J127 -> 20312.65 | Q21: =$D21*Q22 -> 0 | R21: =$D21*R22 -> 0 | S21: =$D21*S22 -> 0 | T21: =$D21*T22 -> 0 | U21: =$D21*U22 -> 0 | V21: =$D21*V22 -> 0 | W21: =$D21*W22 -> 0
L22: =L21/$D21 -> 0.1152742 | M22: =M21/$D21 -> 0.52965471 | N22: =N21/$D21 -> 0.32240565 | P22: =P21/$D21 -> 0.032665437 | Z22: =SUM(F22:W22) -> 1 | AA22: =Z22=1 -> TRUE
A23: 8 | B23: =VLOOKUP($A23,ORCAMENTO!$A$10:$L$360,4,0) -> ESQUADRIAS | C23: =VLOOKUP($A23,ORCAMENTO!$A$10:$L$360,11,0) -> 153319.81 | D23: =VLOOKUP($A23,ORCAMENTO!$A$10:$L$360,12,0) -> 189410.11 | E23: =D23/$D$49 -> 0.0765229 | F23: =$D23*F24 -> 0 | G23: =$D23*G24 -> 0 | H23: =$D23*H24 -> 0 | N23: =$D23*N24 -> 0 | O23: =$D23*O24 -> 189410.11 | R23: =$D23*R24 -> 0 | S23: =$D23*S24 -> 0 | T23: =$D23*T24 -> 0 | U23: =$D23*U24 -> 0 | V23: =$D23*V24 -> 0 | W23: =$D23*W24 -> 0
O24: 1 | Z24: =SUM(F24:W24) -> 1 | AA24: =Z24=1 -> TRUE
A25: 9 | B25: =VLOOKUP($A25,ORCAMENTO!$A$10:$L$360,4,0) -> REVESTIMENTOS | C25: =VLOOKUP($A25,ORCAMENTO!$A$10:$L$360,11,0) -> 265914.17 | D25: =VLOOKUP($A25,ORCAMENTO!$A$10:$L$360,12,0) -> 328475.71 | E25: =D25/$D$49 -> 0.1327063 | F25: =$D25*F26 -> 0 | G25: =$D25*G26 -> 0 | O25: =ORCAMENTO!J161+SUM(ORCAMENTO!J153:J159) -> 183845.27 | P25: =SUM(ORCAMENTO!J148:J151) -> 144630.44 | R25: =$D25*R26 -> 0 | S25: =$D25*S26 -> 0 | T25: =$D25*T26 -> 0 | U25: =$D25*U26 -> 0 | V25: =$D25*V26 -> 0 | W25: =$D25*W26 -> 0
O26: =O25/$D25 -> 0.55969213 | P26: =P25/$D25 -> 0.44030787 | Z26: =SUM(F26:W26) -> 1 | AA26: =Z26=1 -> TRUE
A27: 10 | B27: =VLOOKUP($A27,ORCAMENTO!$A$10:$L$360,4,0) -> PINTURAS | C27: =VLOOKUP($A27,ORCAMENTO!$A$10:$L$360,11,0) -> 36074.52 | D27: =VLOOKUP($A27,ORCAMENTO!$A$10:$L$360,12,0) -> 44548.51 | E27: =D27/$D$49 -> 0.017997884 | F27: =$D27*F28 -> 0 | G27: =$D27*G28 -> 0 | H27: =$D27*H28 -> 0 | I27: =$D27*I28 -> 0 | P27: =$D27*P28 -> 44548.51 | Q27: =$D27*Q28 -> 0 | R27: =$D27*R28 -> 0 | S27: =$D27*S28 -> 0 | T27: =$D27*T28 -> 0 | U27: =$D27*U28 -> 0 | V27: =$D27*V28 -> 0 | W27: =$D27*W28 -> 0
P28: 1 | Z28: =SUM(F28:W28) -> 1 | AA28: =Z28=1 -> TRUE
A29: 11 | B29: =VLOOKUP($A29,ORCAMENTO!$A$10:$L$360,4,0) -> INSTALAÇÕES HIDRÁULICAS | C29: =VLOOKUP($A29,ORCAMENTO!$A$10:$L$360,11,0) -> 92476.69 | D29: =VLOOKUP($A29,ORCAMENTO!$A$10:$L$360,12,0) -> 114241.8 | E29: =D29/$D$49 -> 0.04615442 | F29: =$D29*F30 -> 0 | G29: =$D29*G30 -> 0 | J29: =SUM(ORCAMENTO!J200:J205,ORCAMENTO!J207:J208) -> 16790.09 | K29: =SUM(ORCAMENTO!J192:J198,ORCAMENTO!J182:J190) -> 77568.47 | P29: =SUM(ORCAMENTO!J172:J180,ORCAMENTO!J210) -> 19883.24 | Q29: =$D29*Q30 -> 0 | R29: =$D29*R30 -> 0 | S29: =$D29*S30 -> 0 | T29: =$D29*T30 -> 0 | U29: =$D29*U30 -> 0 | V29: =$D29*V30 -> 0 | W29: =$D29*W30 -> 0
J30: =J29/$D29 -> 0.14696976 | K30: =K29/$D29 -> 0.67898501 | P30: =P29/$D29 -> 0.17404523 | Z30: =SUM(F30:W30) -> 1 | AA30: =Z30=1 -> TRUE
A31: 12 | B31: =VLOOKUP($A31,ORCAMENTO!$A$10:$L$360,4,0) -> CENTRAL DE GLP | C31: =VLOOKUP($A31,ORCAMENTO!$A$10:$L$360,11,0) -> 4315.58 | D31: =VLOOKUP($A31,ORCAMENTO!$A$10:$L$360,12,0) -> 5331.15 | E31: =D31/$D$49 -> 0.0021538188 | F31: =$D31*F32 -> 0 | G31: =$D31*G32 -> 0 | K31: =SUM(ORCAMENTO!J220:J224) -> 1343.03 | Q31: =SUM(ORCAMENTO!J214:J218) -> 3988.12 | R31: =$D31*R32 -> 0 | S31: =$D31*S32 -> 0 | T31: =$D31*T32 -> 0 | U31: =$D31*U32 -> 0 | V31: =$D31*V32 -> 0 | W31: =$D31*W32 -> 0
K32: =K31/$D31 -> 0.25192126 | Q32: =Q31/$D31 -> 0.74807874 | Z32: =SUM(F32:W32) -> 1 | AA32: =Z32=1 -> TRUE
A33: 13 | B33: =VLOOKUP($A33,ORCAMENTO!$A$10:$L$360,4,0) -> SISTEMA DE PREVENÇÃO E COMBATE A INCÊNDIO | C33: =VLOOKUP($A33,ORCAMENTO!$A$10:$L$360,11,0) -> 2207.46 | D33: =VLOOKUP($A33,ORCAMENTO!$A$10:$L$360,12,0) -> 2726.99 | E33: =D33/$D$49 -> 0.0011017215 | F33: =$D33*F34 -> 0 | G33: =$D33*G34 -> 0 | H33: =$D33*H34 -> 0 | I33: =$D33*I34 -> 0 | P33: =$D33*P34 -> 2726.99 | Q33: =$D33*Q34 -> 0 | R33: =$D33*R34 -> 0 | S33: =$D33*S34 -> 0 | T33: =$D33*T34 -> 0 | U33: =$D33*U34 -> 0 | V33: =$D33*V34 -> 0 | W33: =$D33*W34 -> 0
P34: 1 | Z34: =SUM(F34:W34) -> 1 | AA34: =Z34=1 -> TRUE
A35: 14 | B35: =VLOOKUP($A35,ORCAMENTO!$A$10:$L$360,4,0) -> INSTALAÇÕES ELÉTRICAS | C35: =VLOOKUP($A35,ORCAMENTO!$A$10:$L$360,11,0) -> 117440.01 | D35: =VLOOKUP($A35,ORCAMENTO!$A$10:$L$360,12,0) -> 145043.72 | E35: =D35/$D$49 -> 0.058598594 | F35: =$D35*F36 -> 0 | G35: =$D35*G36 -> 0 | J35: =$D35*J36 -> 0 | O35: =SUM(ORCAMENTO!J259:J271,ORCAMENTO!J273:J286) -> 117537.29 | P35: =SUM(ORCAMENTO!J238:J242,ORCAMENTO!J244:J250,ORCAMENTO!J252:J257) -> 27506.43 | Q35: =$D35*Q36 -> 0 | R35: =$D35*R36 -> 0 | S35: =$D35*S36 -> 0 | T35: =$D35*T36 -> 0 | U35: =$D35*U36 -> 0 | V35: =$D35*V36 -> 0 | W35: =$D35*W36 -> 0
O36: =O35/$D35 -> 0.81035766 | P36: =P35/$D35 -> 0.18964234 | Z36: =SUM(F36:W36) -> 1 | AA36: =Z36=1 -> TRUE
A37: 15 | B37: =VLOOKUP($A37,ORCAMENTO!$A$10:$L$360,4,0) -> ATERRAMENTO | C37: =VLOOKUP($A37,ORCAMENTO!$A$10:$L$360,11,0) -> 10985 | D37: =VLOOKUP($A37,ORCAMENTO!$A$10:$L$360,12,0) -> 13570.22 | E37: =D37/$D$49 -> 0.005482456 | F37: =$D37*F38 -> 0 | G37: =$D37*G38 -> 0 | H37: =$D37*H38 -> 0 | I37: =$D37*I38 -> 0 | L37: =$D37*L38 -> 13570.22 | Q37: =$D37*Q38 -> 0 | R37: =$D37*R38 -> 0 | S37: =$D37*S38 -> 0 | T37: =$D37*T38 -> 0 | U37: =$D37*U38 -> 0 | V37: =$D37*V38 -> 0 | W37: =$D37*W38 -> 0
L38: 1 | Z38: =SUM(F38:W38) -> 1 | AA38: =Z38=1 -> TRUE
A39: 16 | B39: =VLOOKUP($A39,ORCAMENTO!$A$10:$L$360,4,0) -> REDE DE LÓGICA | C39: =VLOOKUP($A39,ORCAMENTO!$A$10:$L$360,11,0) -> 16336.15 | D39: =VLOOKUP($A39,ORCAMENTO!$A$10:$L$360,12,0) -> 20177.81 | E39: =D39/$D$49 -> 0.0081519648 | F39: =$D39*F40 -> 0 | G39: =$D39*G40 -> 0 | H39: =$D39*H40 -> 0 | I39: =$D39*I40 -> 0 | J39: =$D39*J40 -> 0 | L39: =$D39*L40 -> 0 | M39: =$D39*M40 -> 20177.81 | Q39: =$D39*Q40 -> 0 | R39: =$D39*R40 -> 0 | S39: =$D39*S40 -> 0 | T39: =$D39*T40 -> 0 | U39: =$D39*U40 -> 0 | V39: =$D39*V40 -> 0 | W39: =$D39*W40 -> 0
M40: 1 | Z40: =SUM(F40:W40) -> 1 | AA40: =Z40=1 -> TRUE
A41: 17 | B41: =VLOOKUP($A41,ORCAMENTO!$A$10:$L$360,4,0) -> ÁREA EXTERNA | C41: =VLOOKUP($A41,ORCAMENTO!$A$10:$L$360,11,0) -> 215047.15 | D41: =VLOOKUP($A41,ORCAMENTO!$A$10:$L$360,12,0) -> 265664.56 | E41: =D41/$D$49 -> 0.10733019 | I41: =SUM(ORCAMENTO!J302:J308) -> 45162.52 | J41: =SUM(ORCAMENTO!J310:J314) -> 145574.29 | O41: =SUM(ORCAMENTO!J315:J319) -> 4843 | P41: =SUM(ORCAMENTO!J321:J326) -> 61409.39 | Q41: =SUM(ORCAMENTO!J328:J332) -> 8675.36 | R41: =$D41*R42 -> 0 | S41: =$D41*S42 -> 0 | T41: =$D41*T42 -> 0 | U41: =$D41*U42 -> 0 | V41: =$D41*V42 -> 0 | W41: =$D41*W42 -> 0
I42: =I41/$D41 -> 0.16999829 | J42: =J41/$D41 -> 0.54796278 | O42: =O41/$D41 -> 0.018229756 | P42: =P41/$D41 -> 0.23115387 | Q42: =Q41/$D41 -> 0.032655315 | Z42: =SUM(F42:W42) -> 1 | AA42: =Z42=1 -> TRUE
A43: 18 | B43: =VLOOKUP($A43,ORCAMENTO!$A$10:$L$360,4,0) -> SERVIÇOS COMPLEMENTARES | C43: =VLOOKUP($A43,ORCAMENTO!$A$10:$L$360,11,0) -> 11333.35 | D43: =VLOOKUP($A43,ORCAMENTO!$A$10:$L$360,12,0) -> 13999.37 | E43: =D43/$D$49 -> 0.0056558353 | F43: =$D43*F44 -> 0 | G43: =$D43*G44 -> 0 | H43: =$D43*H44 -> 0 | I43: =$D43*I44 -> 0 | J43: =$D43*J44 -> 0 | Q43: =$D43*Q44 -> 13999.37 | R43: =$D43*R44 -> 0 | S43: =$D43*S44 -> 0 | T43: =$D43*T44 -> 0 | U43: =$D43*U44 -> 0 | V43: =$D43*V44 -> 0 | W43: =$D43*W44 -> 0
Q44: 1 | Z44: =SUM(F44:W44) -> 1 | AA44: =Z44=1 -> TRUE
A45: 19 | B45: =VLOOKUP($A45,ORCAMENTO!$A$10:$L$360,4,0) -> PROJETOS E SERVIÇOS TÉCNICOS | C45: =VLOOKUP($A45,ORCAMENTO!$A$10:$L$360,11,0) -> 53213.54 | D45: =VLOOKUP($A45,ORCAMENTO!$A$10:$L$360,12,0) -> 101355.36 | E45: =D45/$D$49 -> 0.040948216 | F45: =SUM(ORCAMENTO!J341:J344) -> 9671.26 | G45: =SUM(ORCAMENTO!J346:J349) -> 78143.78 | H45: =$D45*H46 -> 0 | I45: =$D45*I46 -> 0 | Q45: =SUM(ORCAMENTO!J351:J352) -> 13540.32 | R45: =$D45*R46 -> 0 | S45: =$D45*S46 -> 0 | T45: =$D45*T46 -> 0 | U45: =$D45*U46 -> 0 | V45: =$D45*V46 -> 0 | W45: =$D45*W46 -> 0
F46: =F45/$D45 -> 0.095419325 | G46: =G45/$D45 -> 0.77098814 | Q46: =Q45/$D45 -> 0.13359254 | Z46: =SUM(F46:W46) -> 1 | AA46: =Z46=1 -> TRUE
A47: 20 | B47: =VLOOKUP($A47,ORCAMENTO!$A$10:$L$360,4,0) -> ADMINISTRAÇÃO LOCAL | C47: =VLOOKUP($A47,ORCAMENTO!$A$10:$L$360,11,0) -> 66599.49 | D47: =VLOOKUP($A47,ORCAMENTO!$A$10:$L$360,12,0) -> 82277 | E47: =D47/$D$49 -> 0.033240436 | F47: =$D47*F48 -> 332.53035 | G47: =$D47*G48 -> 2686.8452 | H47: =$D47*H48 -> 3899.6843 | I47: =$D47*I48 -> 6425.3119 | J47: =$D47*J48 -> 8314.0871 | K47: =$D47*K48 -> 6256.8455 | L47: =$D47*L48 -> 5515.5359 | M47: =$D47*M48 -> 12112.874 | ... W47: =$D47*W48 -> 0
F48: =F57 -> 0.0040415955 | G48: =G57 -> 0.032656091 | H48: =H57 -> 0.047397017 | I48: =I57 -> 0.078093658 | J48: =J57 -> 0.10104995 | K48: =K57 -> 0.076046106 | L48: =L57 -> 0.067036181 | M48: =M57 -> 0.14722066 | ... W48: =W57 -> 0 | Z48: =SUM(F48:W48) -> 1 | AA48: =Z48=1 -> TRUE
B49: TOTAL | D49: =SUM(D9:D48) -> 2475208.2 | E49: TOTAL (R$) | F49: =SUMIF($A$9:$A$48,"<>",F9:F48) -> 10003.79 | G49: =SUMIF($A$9:$A$48,"<>",G9:G48) -> 80830.625 | H49: =SUMIF($A$9:$A$48,"<>",H9:H48) -> 117317.48 | I49: =SUMIF($A$9:$A$48,"<>",I9:I48) -> 193298.06 | J49: =SUMIF($A$9:$A$48,"<>",J9:J48) -> 250119.68 | K49: =SUMIF($A$9:$A$48,"<>",K9:K48) -> 188229.95 | L49: =SUMIF($A$9:$A$48,"<>",L9:L48) -> 165928.51 | M49: =SUMIF($A$9:$A$48,"<>",M9:M48) -> 364401.77 | ... W49: =SUMIF($A$9:$A$48,"<>",W9:W48) -> 0
E50: TOTAL (%) | F50: =F49/$D$49 -> 0.0040415955 | G50: =G49/$D$49 -> 0.032656091 | H50: =H49/$D$49 -> 0.047397017 | I50: =I49/$D$49 -> 0.078093658 | J50: =J49/$D$49 -> 0.10104995 | K50: =K49/$D$49 -> 0.076046106 | L50: =L49/$D$49 -> 0.067036181 | M50: =M49/$D$49 -> 0.14722066 | ... W50: =W49/$D$49 -> 0
D51: TOTAL ACUMULADO ($) | F51: =F49 -> 10003.79 | G51: =F51+G49 -> 90834.416 | H51: =G51+H49 -> 208151.9 | I51: =H51+I49 -> 401449.96 | J51: =I51+J49 -> 651569.64 | K51: =J51+K49 -> 839799.58 | L51: =K51+L49 -> 1005728.1 | M51: =L51+M49 -> 1370129.9 | N51: =M51+N49 -> 1580353.3 | ... W51: =V51+W49 -> 2475208.2
D52: TOTAL ACUMULADO (%) | F52: =F51/$D$49 -> 0.0040415955 | G52: =F52+G50 -> 0.036697687 | H52: =G52+H50 -> 0.084094704 | I52: =H52+I50 -> 0.16218836 | J52: =I52+J50 -> 0.26323832 | K52: =J52+K50 -> 0.33928442 | L52: =K52+L50 -> 0.4063206 | M52: =L52+M50 -> 0.55354126 | N52: =M52+N50 -> 0.63847287 | ... W52: =V52+W50 -> 1
F57: =SUMIF($A$9:$A$46,"<>",F9:F46)/($D$49-$D$47) -> 0.0040415955 | G57: =SUMIF($A$9:$A$46,"<>",G9:G46)/($D$49-$D$47) -> 0.032656091 | H57: =SUMIF($A$9:$A$46,"<>",H9:H46)/($D$49-$D$47) -> 0.047397017 | I57: =SUMIF($A$9:$A$46,"<>",I9:I46)/($D$49-$D$47) -> 0.078093658 | J57: =SUMIF($A$9:$A$46,"<>",J9:J46)/($D$49-$D$47) -> 0.10104995 | K57: =SUMIF($A$9:$A$46,"<>",K9:K46)/($D$49-$D$47) -> 0.076046106 | L57: =SUMIF($A$9:$A$46,"<>",L9:L46)/($D$49-$D$47) -> 0.067036181 | M57: =SUMIF($A$9:$A$46,"<>",M9:M46)/($D$49-$D$47) -> 0.14722066 | ... W57: =SUMIF($A$9:$A$46,"<>",W9:W46)/($D$49-$D$47) -> 0
